 Dungeon Crawl Stone Soup version 0.31-a0-174-g85c54bcb58 (webtiles) character file.

Game seed: 12945491508414620983

1250 qw the Skirmisher (level 8, -5/49 HPs)
             Began as a Gargoyle Hunter on June 15, 2023.
             Slain by a wight
             ... wielding a +3 mace
              (6 damage)
             ... on level 6 of the Dungeon.
             The game lasted 00:01:36 (4751 turns).

qw the Skirmisher (Gargoyle Hunter)                 Turns: 4751, Time: 00:01:36

Health: -5/49      AC: 15    Str: 15    XL:     8   Next: 50%
Magic:  8/8        EV: 12    Int: 10    God:
Gold:   255        SH:  0    Dex: 20    Spells: 7/7 levels left

rFire   + . .        Y - +0 shortbow (flame)
rCold   + . .        (shield currently unavailable)
rNeg    + . .        i - +2 ring mail {rF+}
rPois   inf          h - +0 helmet
rElec   +            (no cloak)
rCorr   +            k - +0 pair of gloves
SInv    +            (no boots)
Will    .....        (no amulet)
Stlth   ++           b - ring "Xigeppuz" {Will- rCorr Dex+5 SInv Stlth+}
HPRegen 0.28/turn    n - ring of protection from cold
MPRegen 0.11/turn

%: no passive effects
@: about to teleport
A: sickness immunity, AC +5, negative energy resistance 1, electricity
resistance, torment resistance 1, petrification resistance
a: no special abilities


You were on level 6 of the Dungeon.
You visited 1 branch of the dungeon, and saw 6 of its levels.

You collected 255 gold pieces.


Innate Abilities, Weirdness & Mutations

You are immune to sickness and miasma.
Your stone body is resilient. (AC +5)
You are immune to poison.
You resist negative energy. (rN+)
You are resistant to electric shocks. (rElec)
You are resistant to unholy torment.
You are immune to petrification.


   Skills:
 + Level 5.3 Fighting
 - Level 9.0 Ranged Weapons
 - Level 2.9 Armour
 - Level 2.5 Dodging
 - Level 1.1 Stealth


You had 7 spell levels left.
You didn't know any spells.
Your spell library was empty.

Inventory:

Hand Weapons
 Y - a +0 shortbow of flaming (weapon)
Armour
 h - a +0 helmet (worn)
 i - a +2 ring mail of fire resistance (worn)
 k - a +0 pair of gloves (worn)
Jewellery
 b - the ring "Xigeppuz" (left hand) {Will- rCorr Dex+5 SInv Stlth+}
   (You found it on level 2 of the Dungeon)

   [ring of resist corrosion]

   Dex:       It affects your dexterity (+5).
   SInv:      It lets you see invisible.
   rCorr:     It protects you from acid and corrosion.
   Will:      It decreases your willpower.
   Stlth:     It makes you more stealthy.
 c - a ring of see invisible
 n - a ring of protection from cold (right hand)
Scrolls
 d - 2 scrolls of identify
Potions
 e - a potion of attraction
 f - a potion of magic
 g - a potion of might {unknown}
 j - a potion of curing
 l - a potion of haste
 m - a potion of mutation {unknown}

Dungeon Overview and Level Annotations

Branches:
Dungeon (6/15)
 Temple: D:4-7

Altars:
Kikubaaqudgha
Uskayaw
Vehumet

Annotations:
D:1 2 transporters
D:3 2 transporters, qw's ghost, amateur GrHu


Message History

You shoot an arrow. The arrow hits the wight.
The arrow burns the wight.
You destroy the wight!
The wight hits you but does no damage.
Your Ranged Weapons skill increases to level 9!
You shoot an arrow.
The arrow hits the wight but does no damage.
The wight is heavily damaged.
The wight hits you with a +3 mace. The wight hits you but does no damage.
The wight hits you with a +4 dire flail!
The wight hits you but does no damage.
You shoot an arrow.
The arrow hits the wight but does no damage.
The wight is heavily damaged.
The wight hits you but does no damage.
The wight hits you with a +4 dire flail.
You shoot an arrow. The arrow closely misses the wight.
The wight hits you but does no damage.
The wight hits you with a +4 dire flail.
You shoot an arrow. The arrow hits the wight.
The arrow burns the wight.
The wight is severely damaged.
The wight completely misses you.
The wight hits you with a +4 dire flail.
You shoot an arrow. The arrow completely misses the wight.
The wight hits you with a +3 mace. The wight barely misses you.
You shoot an arrow.
The arrow hits the wight but does no damage.
The wight is severely damaged.
The wight hits you with a +3 mace!
The wight hits you with a +4 dire flail!
4749 ||| READING scroll of teleportation.
As you read the scroll of teleportation, it crumbles to dust.
You feel strangely unstable. The wight barely misses you.
The wight hits you with a +4 dire flail!
You shoot an arrow. The arrow hits the wight.
The arrow burns the wight.
You destroy the wight!
The wight misses you.
You shoot an arrow. The arrow closely misses the wight.
The wight hits you with a +3 mace.
You die...

.. .......#
......7..#
.#...P..
#..P...##
.......#
......##
##z)....#
#### #)@#
##..###..#
#....##.##
##.......#
#....(..##
#.......#
##.......#
#........##
#.........#


You could see a wight.

Vanquished Creatures
  A black bear (D:5)
  An ice beast (D:5)
  An ogre (D:4)
  3 phantoms
  A gnoll sergeant (D:5)
  3 scorpions
  2 wights (D:6)
  A jelly (D:6)
  2 hounds
  2 sleepcaps
  An iguana (D:5)
  An orc wizard (D:5)
  Robin (D:2)
  7 gnolls
  6 adders
  A white imp (D:4)
  An ufetubus (D:5)
  A worm (D:2)
  3 dart slugs (D:4)
  6 orcs (D:5)
  5 bats
  10 endoplasms
  4 giant cockroaches
  8 goblins
  5 hobgoblins
  4 jackals (D:2)
  6 kobolds
  A quokka (D:2)
  4 ball pythons
  5 frilled lizards
  5 rats
102 creatures vanquished.

Notes
Turn   | Place    | Note
-------+----------+-------------------------------------------
     0 | D:1      | qw the Gargoyle Hunter began the quest for the Orb.
     0 | D:1      | Reached XP level 1. HP: 12/12 MP: 1/1
     0 | D:1      | 0 ||| qw: Version: 0.2-a-29-g511e9b1
     0 | D:1      | 0 ||| qw: Game counter: 5403
     0 | D:1      | 0 ||| qw: Always use a shield: true
     0 | D:1      | 0 ||| qw: God list: Okawaru
     0 | D:1      | 0 ||| qw: Allow faded altars: false
     0 | D:1      | 0 ||| qw: Do Orc after D:15 true
     0 | D:1      | 0 ||| qw: Do second Lair branch before Depths: true
     0 | D:1      | 0 ||| qw: Lair rune preference: random
     0 | D:1      | 0 ||| qw: Plans: Normal, Zot:1-4, Slime:5, God:TSO, Crypt,
                  | Tomb, Abyss, Pan, Hells, Win
     0 | D:1      | 0 ||| PLANNING D:1-11
   217 | D:1      | Reached XP level 2. HP: 17/17 MP: 2/2
   611 | D:1      | 611 ||| READING scroll labelled OTAASISSUN.
   612 | D:1      | 612 ||| READING scroll labelled BAVUGU GIRO.
   613 | D:1      | 613 ||| READING scroll labelled BORGHO BIMN.
   618 | D:1      | 618 ||| DROPPING scroll of butterflies.
   746 | D:2      | Reached skill level 5 in Ranged Weapons
   746 | D:2      | Reached XP level 3. HP: 21/21 MP: 3/3
   749 | D:2      | Identified the ring "Xigeppuz" {Will- rCorr Dex+5 SInv
                  | Stlth+}
  1160 | D:2      | Reached skill level 3 in Fighting
  1171 | D:2      | Reached XP level 4. HP: 22/28 MP: 4/4
  1252 | D:2      | Noticed Robin
  1262 | D:2      | Killed Robin
  1320 | D:2      | Found a faded altar of an unknown god.
  1396 | D:2      | Found a radiant altar of Vehumet.
  1456 | D:2      | Reached XP level 5. HP: 13/32 MP: 5/5
  1574 | D:2      | 1574 ||| UPGRADING to +0 helmet.
  1579 | D:2      | 1579 ||| DROPPING ring of magical power.
  1580 | D:2      | 1580 ||| UPGRADING to ring "Xigeppuz" {Will- rCorr Dex+5
                  | SInv Stlth+}.
  1581 | D:2      | 1581 ||| READING scroll labelled XUMUUWO WYRGH.
  1682 | D:2      | 1682 ||| READING scroll labelled VOER GEPRYAL.
  1683 | D:2      | 1683 ||| DRINKING 2 black potions.
  1684 | D:2      | 1684 ||| READING 2 scrolls of identify.
  1684 | D:2      | 1684 ||| IDENTIFYING green potion
  1723 | D:3      | Found a transporter.
  1727 | D:3      | Noticed qw's ghost (amateur GrHu)
  1728 | D:3      | Found a transporter.
  2043 | D:3      | Reached skill level 6 in Ranged Weapons
  2095 | D:3      | Found a hide-covered altar of Uskayaw.
  2317 | D:3      | 2317 ||| UPGRADING to +0 ring mail.
  2327 | D:3      | 2327 ||| DROPPING +0 leather armour.
  2328 | D:3      | 2328 ||| UPGRADING to +0 pair of gloves.
  2333 | D:3      | 2333 ||| DROPPING scarf of harm.
  2334 | D:3      | 2334 ||| READING scroll labelled ZYRUPT MEOXON.
  2335 | D:3      | 2335 ||| READING scroll labelled COGRUGR QECOO.
  2336 | D:3      | 2336 ||| DRINKING 2 sedimented golden potions.
  2337 | D:3      | 2337 ||| DROPPING potion of enlightenment.
  2538 | D:4      | Reached skill level 1 in Armour
  2587 | D:4      | Found an ancient bone altar of Kikubaaqudgha.
  2629 | D:4      | 2629 ||| Stepping ~*~*~tactically~*~*~ (water).
  2655 | D:4      | Noticed an ogre
  2665 | D:4      | Killed an ogre
  2666 | D:4      | Reached XP level 6. HP: 39/39 MP: 6/6
  2716 | D:4      | 2716 ||| DROPPING ring of flight.
  2717 | D:4      | 2717 ||| READING scroll labelled PIYTUPP FEODIV.
  2725 | D:4      | 2725 ||| STAIRDANCE
  2848 | D:3      | 2848 ||| READING scroll labelled GAUCLIFIHIT.
  2849 | D:3      | 2849 ||| READING 2 scrolls of identify.
  2849 | D:3      | 2849 ||| IDENTIFYING coppery potion
  3381 | D:4      | Reached skill level 7 in Ranged Weapons
  3625 | D:5      | Entered Level 5 of the Dungeon
  3641 | D:5      | Noticed an ice beast
  3654 | D:5      | Killed an ice beast
  3655 | D:5      | Reached XP level 7. HP: 14/44 MP: 7/7
  4102 | D:5      | Reached skill level 8 in Ranged Weapons
  4102 | D:5      | Reached XP level 8. HP: 47/48 MP: 8/8
  4415 | D:5      | 4415 ||| UPGRADING to +2 ring mail of fire resistance.
  4425 | D:5      | 4425 ||| DROPPING +0 ring mail.
  4426 | D:5      | 4426 ||| UPGRADING to ring of protection from cold.
  4427 | D:5      | 4427 ||| READING 2 scrolls of identify.
  4427 | D:5      | 4427 ||| IDENTIFYING white potion
  4433 | D:6      | 4433 ||| STAIRDANCE
  4519 | D:6      | 4519 ||| STAIRDANCE
  4743 | D:6      | Reached skill level 9 in Ranged Weapons
  4748 | D:6      | HP: 8/49 [wight/+4 dire flail (10)]
  4749 | D:6      | 4749 ||| READING scroll of teleportation.
  4749 | D:6      | HP: 1/49 [wight/+4 dire flail (8)]
  4751 | D:6      | Slain by a wight

Levels and vault maps discovered:
D:1:      spicycebolla_arrival_transporter_tutorial, layout_basic
D:2:      layout_basic, hellmonk_ecumenical_altar_slurped_away, basic_altar,
          uniq_robin
D:3:      layout_basic, nicolae_uskayaw_suspiria, gammafunk_ghost_mausoleum,
          nicolae_figureground_sparkle
D:4:      layout_loops_corners, nicolae_kikubaaqudgha_miasma_corner,
          serial_rivers, chequers_serial_rivers_large_b,
          chequers_serial_rivers_room_a, chequers_serial_rivers_large_a,
          chequers_serial_rivers_micro_e, chequers_serial_rivers_room_a
D:5:      layout_basic, dreamdust_wishing_well
D:6:      layout_cave_pods, serial_park, serial_park_central
          [serial_park_minivault_5x5_3, serial_park_minivault_5x5_4],
          serial_park_tiny_pond, serial_park_tiny_2, serial_park_square3
          [serial_park_minivault_5x5_4], serial_shops, shop,
          dreamdust_mushroom_princess, grunt_ministairs_14

Skill      XL: |  1  2  3  4  5  6  7  8 |
---------------+-------------------------+-----
Ranged Weapons | 5 6 7 8 9 |  9.0
Fighting       | 3 4 5 |  5.3
Armour         | 1 2 |  2.9
Dodging        | 2 |  2.5
Stealth        | |  1.1

Action                     |  1- 3 |  4- 6 |  7- 9 || total
---------------------------+-------+-------+-------++-------
   Fire: Shortbow          |    90 |   158 |   133 ||   381
    Use: Scroll            |     3 |     8 |     2 ||    13
         Potion            |       |     2 |       ||     2
 Armour: Leather armour    |    13 |    13 |       ||    26
         Ring mail         |       |    14 |    33 ||    47
  Dodge: Dodged            |    21 |    37 |    57 ||   115

Table legend:
 A = Non-vault XP
 B = Vault XP
 C = Vault XP percentage of total XP
 D = Non-vault monster count
 E = Vault monster count
 F = Vault count percentage of total count
                 A         B        C        D         E       F
            +---------+---------+-------+---------+---------+-------
      Total |    1759 |      28 |   1.6 |      94 |       8 |   7.8
            +---------+---------+-------+---------+---------+-------
        D:1 |      23 |       0 |   0.0 |      15 |       0 |   0.0
        D:2 |     114 |      28 |  19.7 |      23 |       8 |  25.8
        D:3 |      46 |       0 |   0.0 |      14 |       0 |   0.0
        D:4 |     383 |       0 |   0.0 |      15 |       0 |   0.0
        D:5 |     933 |       0 |   0.0 |      21 |       0 |   0.0
        D:6 |     260 |       0 |   0.0 |       6 |       0 |   0.0
            +---------+---------+-------+---------+---------+-------
